Penguins vs Oilers

Created - March 29, 2015 at 10:20

Goals
1 2 3 OT1 T
Penguins 1 0 2 1 4
Oilers 2 0 1 0 3
Shots
1 2 3 OT1 T
Penguins 6 17 10 1 34
Oilers 12 5 11 0 28

1st period

1. Penguins , John Tavares 43 (Mark Giordano, Ryan Suter) at 5:56 (PP)
2. Oilers , Mikkel Boedker 23 (Marc Methot, Brian Campbell) at 10:21
3. Oilers , Tyler Bozak 36 (Shane Doan, Jake Muzzin) at 19:41 (PP)

Penalties :
Bobby Ryan (EDM) for Hooking (Minor) at 0:27, Mats Zuccarello (EDM) for Holding (Minor) at 1:26, Tyler Bozak (EDM) for Tripping (Minor) at 4:01, Marc Methot (EDM) for Cross-checking (Minor) at 7:18, Stephane Robidas (PIT) for Holding (Minor) at 10:42, Mark Giordano (PIT) for Holding (Minor) at 17:50

2nd period

No Goal

Penalties :
Mats Zuccarello (EDM) for Hooking (Minor) at 0:21, Marc Methot (EDM) for Slashing (Minor) at 4:21, Ed Jovanovski (PIT) for Holding Stick (Minor) at 6:32, Kyle Quincey (EDM) for Hooking (Minor) at 12:19, Jake Muzzin (EDM) for Tripping (Minor) at 13:54

3rd period

4. Penguins , Ryan Getzlaf 35 (Jeff Carter) at 8:43
5. Oilers , Justin Williams 18 (Chad Ruhwedel, Marco Scandella) at 13:53
6. Penguins , Stephane Robidas 3 (Tomas Hertl, David Perron) at 16:49 (PP)

Penalties :
David Perron (PIT) for Roughing (Minor) at 5:16, Shane Doan (EDM) for Holding (Minor) at 6:18, Marco Scandella (EDM) for Hooking (Minor) at 11:26, Jake Muzzin (EDM) for High sticking (Minor) at 14:40, Mats Zuccarello (EDM) for Tripping (Minor) at 15:18

Overtime #1

7. Penguins , Ondrej Palat 22 (Mark Giordano, Ryan Getzlaf) at 0:10

Penalties :
No Penalty

Goalie Stats

Marc-Andre Fleury (PIT), 25 saves from 28 shots - (0.893), W, 38-16-5, 60:11 minutes
Kari Lehtonen (EDM), 30 saves from 34 shots - (0.882), OTL, 34-25-4, 60:11 minutes

Players Stats for Penguins

Player Name              G  A  P  +/- PIM S  H  SB GA TA FO     MP     PP MP  PK MP  
------------------------------------------------------------------------------------
Brandon Saad             0  0  0   0  0   1  0  0  0  0  1/1    13:36   0:00   3:57 
David Perron             0  1  1   0  2   1  1  1  0  0  2/4    19:26   9:48   0:00 
Dmitry Kulikov           0  0  0  -1  0   0  1  2  0  0  0/0    10:32   0:00   0:15 
Ed Jovanovski            0  0  0   0  2   0  2  3  0  0  0/0    11:09   0:00   1:32 
Jeff Carter              0  1  1   0  0   0  0  0  0  0  1/3    21:08   9:46   0:00 
John Tavares             1  0  1   0  0   3  0  0  0  0  17/31  19:30   9:48   0:00 
John-Michael Liles       0  0  0   0  0   2  4  0  0  0  0/0    20:07   7:41   2:27 
Luke Glendening          0  0  0  -1  0   0  1  0  0  0  3/6     7:23   0:00   3:57 
Mark Arcobello           0  0  0  -1  0   0  0  0  0  0  2/2     3:26   0:00   0:00 
Mark Giordano            0  2  2   1  2   2  0  2  0  0  0/0    28:43  11:53   3:21 
Ondrej Palat             1  0  1   1  0   8  3  1  0  0  2/4    25:04   9:46   2:54 
Pierre-Alexandr Parentea 0  0  0   0  0   1  0  0  0  0  0/0     8:14   0:00   0:00 
Ryan Getzlaf             1  1  2   1  0   4  0  0  0  0  20/38  25:04   9:46   2:54 
Ryan Suter               0  1  1   1  0   4  1  1  0  0  0/0    30:02  11:53   4:51 
Stephane Robidas         1  0  1  -1  2   3  1  1  0  0  0/0    19:46   7:41   1:16 
Teemu Selanne            0  0  0  -1  0   0  0  0  0  0  0/0     3:26   0:00   0:00 
Tomas Hertl              0  1  1   0  0   5  0  1  0  0  0/1    18:02   9:48   0:00 
Vladimir Sobotka         0  0  0   0  0   0  2  0  0  0  9/12    8:14   0:00   0:00 

Players Stats for Oilers

Player Name              G  A  P  +/- PIM S  H  SB GA TA FO     MP     PP MP  PK MP  
------------------------------------------------------------------------------------
Aleksander Barkov        0  0  0  -1  0   0  0  0  0  0  2/10    4:53   0:00   2:16 
Alex Petrovic            0  0  0   0  0   0  0  0  0  0  0/0     2:24   0:00   1:51 
Bobby Ryan               0  0  0   0  2   2  6  0  0  0  1/2    14:54   3:22   0:18 
Brad Richards            0  0  0   0  0   1  1  0  0  0  9/21   23:06   3:22   8:29 
Brian Campbell           0  1  1  -1  0   3  0  2  0  0  0/0    28:48   4:15  11:14 
Chad Ruhwedel            0  1  1   1  0   0  2  0  0  0  0/0    11:57   0:00   3:27 
Dainius Zubrus           0  0  0   1  0   0  1  0  0  0  5/11    8:23   0:00   0:00 
David Booth              0  0  0   0  0   0  1  0  0  0  0/0     1:29   0:00   0:00 
Drew Miller              0  0  0   0  0   2  1  0  0  0  0/0     9:31   0:00   0:00 
Jake Muzzin              0  1  1   0  4   1  4  1  0  0  0/0    21:08   2:36   6:36 
Justin Williams          1  0  1   1  0   3  1  0  0  0  1/4    12:14   0:00   3:51 
Kyle Quincey             0  0  0   0  2   2  0  3  0  0  0/0    21:58   2:36   7:26 
Marc Methot              0  1  1  -1  4   1  3  1  0  0  0/0    25:32   4:15   8:33 
Marco Scandella          0  1  1   1  2   0  0  0  0  0  0/0     8:29   0:00   0:00 
Mats Zuccarello          0  0  0   0  6   4  0  0  0  0  5/12   21:25   3:29   6:26 
Mikkel Boedker           1  0  1   0  0   6  3  0  0  0  1/3    14:37   3:22   0:00 
Shane Doan               0  1  1   0  2   1  1  1  0  0  2/6    22:46   3:28   7:47 
Tyler Bozak              1  0  1   0  2   2  0  0  0  0  19/33  23:42   3:29   7:14 

3 Stars

1 - Ryan Getzlaf (PIT)
2 - Ondrej Palat (PIT)
3 - Mikkel Boedker (EDM)

Power Play

Penguins - 2 on 12 Attempt(s) - 16.67%
Oilers - 1 on 4 Attempt(s) - 25.00%

Penalty Kill

Penguins - 3 on 4 Attempt(s) - 75.00% - Score 0 goal in Penalty Kill
Oilers - 10 on 12 Attempt(s) - 83.33% - Score 0 goal in Penalty Kill

Team Stat

Penguins - Hits : 16 - Faceoff Wins : 57 - Blocked Shots : 12 - Penalty Minutes : 8
Oilers - Hits : 24 - Faceoff Wins : 45 - Blocked Shots : 8 - Penalty Minutes : 24

Official

Referees : Ian Walsh and Mike Hasenfratz
Linesman : Tony Sericolo and Jonny Murray

Game Notes

Luke Glendening is injured at 17:24 of 3rd period (Left Knee)

Finance

Level 1 -- Attendance: 6239 (95.98%) -- Ticket Income $511,598
Level 2 -- Attendance: 4392 (87.84%) -- Ticket Income $316,224
Level 3 -- Attendance: 2220 (63.43%) -- Ticket Income $144,300
Level 4 -- Attendance: 839 (100.00%) -- Ticket Income $53,696
Luxury Box -- Attendance: 906 (90.60%) -- Ticket Income $185,730
Game was played at the Rexall Place'
Total Attendance: 14596 (86.68%)
Total Ticket Income: $1,211,548
Other Income: $181,732
Total Income: $1,393,280

% Time on Ice - Penguins

Lines # - Real PCT - Wanted PCT - Time Play
Normal Forward
1 - 35% - 35% - 11:19
2 - 30% - 30% - 9:39
3 - 25% - 25% - 8:14
4 - 11% - 10% - 3:26
Normal Defense
1 - 39% - 40% - 12:43
2 - 32% - 30% - 10:17
3 - 30% - 25% - 9:38
4 - 0% - 5% - 0:00
PP Forward
1 - 50% - 55% - 9:46
2 - 50% - 45% - 9:48
PP Defense
1 - 61% - 75% - 11:53
2 - 39% - 25% - 7:41
PK Forward
1 - 58% - 55% - 3:57
2 - 42% - 45% - 2:54
PK Defense
1 - 65% - 70% - 4:29
2 - 35% - 30% - 2:22
PK3 Forward
1 - 0% - 55%
2 - 0% - 45%
PK3 Defense
1 - 0% - 55%
2 - 0% - 45%
44 Forward
1 - 96% - 55% - 1:05
2 - 4% - 45% - 0:03
44 Defense
1 - 51% - 55% - 0:35
2 - 49% - 45% - 0:33
Last Minute Offensive  - 0:00
Last Minute Defensive  - 0:00
Total
Forward - 60:11
Defense - 60:11

% Time on Ice - Oilers

Lines # - Real PCT - Wanted PCT - Time Play
Normal Forward
1 - 35% - 35% - 11:31
2 - 34% - 35% - 11:15
3 - 26% - 20% - 8:23
4 - 5% - 10% - 1:29
Normal Defense
1 - 37% - 40% - 12:11
2 - 35% - 30% - 11:24
3 - 26% - 20% - 8:30
4 - 2% - 10% - 0:33
PP Forward
1 - 51% - 60% - 3:29
2 - 49% - 40% - 3:22
PP Defense
1 - 62% - 60% - 4:15
2 - 38% - 40% - 2:36
PK Forward
1 - 50% - 50% - 8:20
2 - 50% - 50% - 8:29
PK Defense
1 - 57% - 60% - 9:35
2 - 43% - 40% - 7:14
PK3 Forward
1 - 76% - 60% - 2:05
2 - 24% - 40% - 0:40
PK3 Defense
1 - 60% - 50% - 1:39
2 - 40% - 50% - 1:06
44 Forward
1 - 100% - 60% - 1:08
2 - 0% - 40% - 0:00
44 Defense
1 - 51% - 60% - 0:35
2 - 49% - 40% - 0:33
Last Minute Offensive  - 0:00
Last Minute Defensive  - 0:00
Total
Forward - 60:11
Defense - 60:11

Play by Play

1st period


0:01 of 1st period - Ryan Getzlaf wins face-off versus Tyler Bozak in neutral zone.
0:08 of 1st period - Shot by Ondrej Palat.
0:08 of 1st period - Stopped by Kari Lehtonen without a rebound.
0:09 of 1st period - John Tavares wins face-off versus Brad Richards in Oilers zone.
0:09 of 1st period - Brandon Saad is hit by Jake Muzzin.
0:27 of 1st period - Minor Penalty to Bobby Ryan for Hooking.
0:28 of 1st period - Tyler Bozak wins face-off versus Ondrej Palat in Oilers zone.
0:49 of 1st period - Shot by Ryan Getzlaf.
0:49 of 1st period - Shot Misses the Net.
1:26 of 1st period - Minor Penalty to Mats Zuccarello for Holding.
1:27 of 1st period - John Tavares wins face-off versus Aleksander Barkov in Oilers zone.
1:52 of 1st period - Shot by John-Michael Liles.
1:52 of 1st period - Stopped by Kari Lehtonen without a rebound.
1:53 of 1st period - Justin Williams wins face-off versus John Tavares in Oilers zone.
3:04 of 1st period - Icing by Ondrej Palat.
3:05 of 1st period - Tyler Bozak wins face-off versus Ryan Getzlaf in Penguins zone.
3:57 of 1st period - Ryan Suter is hit by Chad Ruhwedel and loses puck.
4:01 of 1st period - Minor Penalty to Tyler Bozak for Tripping.
4:02 of 1st period - John Tavares wins face-off versus Mats Zuccarello in Oilers zone.
4:19 of 1st period - Shot by John Tavares.
4:19 of 1st period - Shot Blocked by Jake Muzzin.
4:21 of 1st period - Shot by Ryan Suter.
4:21 of 1st period - Stopped by Kari Lehtonen without a rebound.
4:22 of 1st period - Mats Zuccarello wins face-off versus Ryan Getzlaf in Oilers zone.
4:38 of 1st period - Icing by Jeff Carter.
4:39 of 1st period - Ryan Getzlaf wins face-off versus Justin Williams in Penguins zone.
5:09 of 1st period - Shot by Ryan Getzlaf.
5:09 of 1st period - Deflect By Ondrej Palat.
5:09 of 1st period - Stopped by Kari Lehtonen without a rebound.
5:10 of 1st period - John Tavares wins face-off versus Brad Richards in Oilers zone.
5:21 of 1st period - Brad Richards is hit by David Perron and loses puck.
5:30 of 1st period - Shot by Mark Giordano.
5:30 of 1st period - Stopped by Kari Lehtonen without a rebound.
5:31 of 1st period - Mats Zuccarello wins face-off versus John Tavares in Oilers zone.
5:48 of 1st period - Shot by David Perron.
5:48 of 1st period - Deflect By Tomas Hertl.
5:48 of 1st period - Shot Misses the Net.
5:54 of 1st period - Shot by Mark Giordano.
5:54 of 1st period - Shot Misses the Net.
5:56 of 1st period - Shot by Mark Giordano.
5:56 of 1st period - Deflect By John Tavares.
5:56 of 1st period - Goal by John Tavares - Penguins : 1 - Oilers : 0.
5:57 of 1st period - Bobby Ryan wins face-off versus Ryan Getzlaf in neutral zone.
6:04 of 1st period - Ondrej Palat is hit by Mikkel Boedker and loses puck.
6:18 of 1st period - Kyle Quincey is hit by John-Michael Liles and loses puck.
6:22 of 1st period - Icing by Jeff Carter.
6:23 of 1st period - Tyler Bozak wins face-off versus Ryan Getzlaf in Penguins zone.
6:39 of 1st period - Off-side.
6:40 of 1st period - Brad Richards wins face-off versus John Tavares in neutral zone.
6:43 of 1st period - Ryan Suter is hit by Bobby Ryan and loses puck.
6:47 of 1st period - Icing by Ryan Suter.
6:48 of 1st period - Mikkel Boedker wins face-off versus John Tavares in Penguins zone.
6:57 of 1st period - Shot by Mikkel Boedker.
6:57 of 1st period - Stopped by Marc-Andre Fleury without a rebound.
6:58 of 1st period - Vladimir Sobotka wins face-off versus Tyler Bozak in Penguins zone.
7:17 of 1st period - Shot by Vladimir Sobotka.
7:17 of 1st period - Shot Misses the Net.
7:18 of 1st period - Minor Penalty to Marc Methot for Cross-checking.
7:19 of 1st period - Mats Zuccarello wins face-off versus Ryan Getzlaf in Oilers zone.
8:22 of 1st period - Kyle Quincey is hit by Ondrej Palat and loses puck.
9:15 of 1st period - Off-side.
9:16 of 1st period - Ryan Getzlaf wins face-off versus Shane Doan in neutral zone.
9:39 of 1st period - Shot by Justin Williams.
9:39 of 1st period - Stopped by Marc-Andre Fleury without a rebound.
9:40 of 1st period - Vladimir Sobotka wins face-off versus Aleksander Barkov in Penguins zone.
9:40 of 1st period - Vladimir Sobotka is hit by David Booth.
10:07 of 1st period - Off-side.
10:08 of 1st period - Ryan Getzlaf wins face-off versus Mikkel Boedker in neutral zone.
10:21 of 1st period - Shot by Mikkel Boedker.
10:21 of 1st period - Goal by Mikkel Boedker - Penguins : 1 - Oilers : 1.
10:22 of 1st period - John Tavares wins face-off versus Tyler Bozak in neutral zone.
10:40 of 1st period - Shane Doan is hit by Dmitry Kulikov and loses puck.
10:42 of 1st period - Minor Penalty to Stephane Robidas for Holding.
10:43 of 1st period - Luke Glendening wins face-off versus Brad Richards in Penguins zone.
11:05 of 1st period - Shot by Mikkel Boedker.
11:05 of 1st period - Deflect By Brad Richards.
11:05 of 1st period - Shot Misses the Net.
11:07 of 1st period - Shot by Bobby Ryan.
11:07 of 1st period - Shot Misses the Net.
11:09 of 1st period - Shot by Mikkel Boedker.
11:09 of 1st period - Shot Misses the Net.
11:15 of 1st period - Shot by Bobby Ryan.
11:15 of 1st period - Stopped by Marc-Andre Fleury without a rebound.
11:16 of 1st period - Tyler Bozak wins face-off versus Ryan Getzlaf in Penguins zone.
11:53 of 1st period - Icing by Brian Campbell.
11:54 of 1st period - Ryan Getzlaf wins face-off versus Tyler Bozak in Oilers zone.
12:34 of 1st period - Icing by Tyler Bozak.
12:35 of 1st period - Tyler Bozak wins face-off versus Ryan Getzlaf in Oilers zone.
12:35 of 1st period - Tyler Bozak is hit by Ondrej Palat.
12:46 of 1st period - Shot by Bobby Ryan.
12:46 of 1st period - Shot Misses the Net.
12:48 of 1st period - Shot by Jake Muzzin.
12:48 of 1st period - Shot Misses the Net.
12:50 of 1st period - Shot by Brad Richards.
12:50 of 1st period - Shot Misses the Net.
12:52 of 1st period - Shot by Kyle Quincey.
12:52 of 1st period - Shot Misses the Net.
12:54 of 1st period - Shot by Jake Muzzin.
12:54 of 1st period - Stopped by Marc-Andre Fleury without a rebound.
12:55 of 1st period - Ryan Getzlaf wins face-off versus Dainius Zubrus in Penguins zone.
14:19 of 1st period - Shot by Brad Richards.
14:19 of 1st period - Stopped by Marc-Andre Fleury without a rebound.
14:20 of 1st period - Vladimir Sobotka wins face-off versus Tyler Bozak in Penguins zone.
14:31 of 1st period - Shot by Tyler Bozak.
14:31 of 1st period - Shot Blocked by Ed Jovanovski.
14:33 of 1st period - Shot by Brian Campbell.
14:33 of 1st period - Stopped by Marc-Andre Fleury with a rebound.
15:36 of 1st period - Shot by Mikkel Boedker.
15:36 of 1st period - Stopped by Marc-Andre Fleury without a rebound.
15:37 of 1st period - John Tavares wins face-off versus Dainius Zubrus in Penguins zone.
16:45 of 1st period - Off-side.
16:46 of 1st period - Mark Arcobello wins face-off versus Brad Richards in neutral zone.
16:55 of 1st period - Shot by Stephane Robidas.
16:55 of 1st period - Shot Misses the Net.
17:11 of 1st period - Shot by Bobby Ryan.
17:11 of 1st period - Stopped by Marc-Andre Fleury without a rebound.
17:12 of 1st period - Ryan Getzlaf wins face-off versus Shane Doan in Penguins zone.
17:12 of 1st period - Ondrej Palat is hit by Shane Doan and loses puck.
17:29 of 1st period - Shot by Mats Zuccarello.
17:29 of 1st period - Shot Blocked by Ondrej Palat.
17:31 of 1st period - Shot by Mats Zuccarello.
17:31 of 1st period - Shot Misses the Net.
17:33 of 1st period - Shot by Tyler Bozak.
17:33 of 1st period - Shot Misses the Net.
17:35 of 1st period - Shot by Kyle Quincey.
17:35 of 1st period - Stopped by Marc-Andre Fleury without a rebound.
17:36 of 1st period - Brad Richards wins face-off versus John Tavares in Penguins zone.
17:50 of 1st period - Minor Penalty to Mark Giordano for Holding.
17:51 of 1st period - Luke Glendening wins face-off versus Tyler Bozak in Penguins zone.
18:02 of 1st period - Shot by Mats Zuccarello.
18:02 of 1st period - Stopped by Marc-Andre Fleury without a rebound.
18:03 of 1st period - Brad Richards wins face-off versus Luke Glendening in Penguins zone.
18:18 of 1st period - Shot by Mikkel Boedker.
18:18 of 1st period - Shot Blocked by Ed Jovanovski.
18:50 of 1st period - Ryan Suter is hit by Bobby Ryan and loses puck.
19:09 of 1st period - Shot by Tyler Bozak.
19:09 of 1st period - Shot Blocked by Ryan Suter.
19:17 of 1st period - Shot by Tyler Bozak.
19:17 of 1st period - Shot Misses the Net.
19:33 of 1st period - Shot by Kyle Quincey.
19:33 of 1st period - Deflect By Mats Zuccarello.
19:33 of 1st period - Shot Misses the Net.
19:35 of 1st period - Shot by Jake Muzzin.
19:35 of 1st period - Shot Misses the Net.
19:37 of 1st period - Shot by Tyler Bozak.
19:37 of 1st period - Shot Misses the Net.
19:41 of 1st period - Shot by Tyler Bozak.
19:41 of 1st period - Goal by Tyler Bozak - Penguins : 1 - Oilers : 2.
19:42 of 1st period - Vladimir Sobotka wins face-off versus Dainius Zubrus in neutral zone.
Goals for this period are 1 for Penguins vs 2 for Oilers.
Shots for this period are 6 for Penguins vs 12 for Oilers.

2nd period


0:01 of 2nd period - Ondrej Palat wins face-off versus Shane Doan in neutral zone.
0:09 of 2nd period - Icing by Mats Zuccarello.
0:10 of 2nd period - Tyler Bozak wins face-off versus Ryan Getzlaf in Oilers zone.
0:10 of 2nd period - Tyler Bozak is hit by Ondrej Palat.
0:21 of 2nd period - Minor Penalty to Mats Zuccarello for Hooking.
0:22 of 2nd period - Tyler Bozak wins face-off versus David Perron in Oilers zone.
1:23 of 2nd period - Shot by Justin Williams.
1:23 of 2nd period - Stopped by Marc-Andre Fleury without a rebound.
1:24 of 2nd period - Shane Doan wins face-off versus Ryan Getzlaf in Penguins zone.
1:24 of 2nd period - Jake Muzzin is hit by John-Michael Liles and loses puck.
1:54 of 2nd period - Shot by Stephane Robidas.
1:54 of 2nd period - Stopped by Kari Lehtonen with a rebound.
1:56 of 2nd period - Shot by John-Michael Liles.
1:56 of 2nd period - Shot Misses the Net.
2:28 of 2nd period - Shot by Teemu Selanne.
2:28 of 2nd period - Deflect By Mark Arcobello.
2:28 of 2nd period - Shot Misses the Net.
3:35 of 2nd period - Shot by John Tavares.
3:35 of 2nd period - Shot Misses the Net.
4:01 of 2nd period - Shot by Ryan Getzlaf.
4:01 of 2nd period - Shot Misses the Net.
4:20 of 2nd period - Jeff Carter is hit by Marc Methot and loses puck.
4:21 of 2nd period - Minor Penalty to Marc Methot for Slashing.
4:22 of 2nd period - Tyler Bozak wins face-off versus John Tavares in Oilers zone.
4:39 of 2nd period - Shot by John Tavares.
4:39 of 2nd period - Deflect By Tomas Hertl.
4:39 of 2nd period - Stopped by Kari Lehtonen with a rebound.
4:41 of 2nd period - Shot by Ryan Suter.
4:41 of 2nd period - Stopped by Kari Lehtonen without a rebound.
4:42 of 2nd period - Ryan Getzlaf wins face-off versus Mats Zuccarello in Oilers zone.
5:37 of 2nd period - Off-side.
5:38 of 2nd period - John Tavares wins face-off versus Mats Zuccarello in neutral zone.
6:32 of 2nd period - Minor Penalty to Ed Jovanovski for Holding Stick.
6:33 of 2nd period - Brad Richards wins face-off versus Luke Glendening in Penguins zone.
6:47 of 2nd period - Bobby Ryan is hit by Luke Glendening and loses puck.
6:58 of 2nd period - Shot by Marc Methot.
6:58 of 2nd period - Stopped by Marc-Andre Fleury without a rebound.
6:59 of 2nd period - Ryan Getzlaf wins face-off versus Tyler Bozak in Penguins zone.
7:14 of 2nd period - Shot by Shane Doan.
7:14 of 2nd period - Shot Blocked by Stephane Robidas.
8:31 of 2nd period - Shot by Bobby Ryan.
8:31 of 2nd period - Shot Misses the Net.
8:42 of 2nd period - Shot by John-Michael Liles.
8:42 of 2nd period - Stopped by Kari Lehtonen without a rebound.
8:43 of 2nd period - Vladimir Sobotka wins face-off versus Dainius Zubrus in Oilers zone.
8:50 of 2nd period - Shot by Chad Ruhwedel.
8:50 of 2nd period - Shot Misses the Net.
8:59 of 2nd period - Icing by Dmitry Kulikov.
9:00 of 2nd period - Vladimir Sobotka wins face-off versus Brad Richards in Penguins zone.
9:06 of 2nd period - Off-side.
9:07 of 2nd period - Brad Richards wins face-off versus Ryan Getzlaf in neutral zone.
9:19 of 2nd period - Jeff Carter is hit by Marc Methot and loses puck.
9:34 of 2nd period - Shot by Ryan Getzlaf.
9:34 of 2nd period - Shot Blocked by Brian Campbell.
9:36 of 2nd period - Shot by Ryan Getzlaf.
9:36 of 2nd period - Shot Blocked by Brian Campbell.
9:38 of 2nd period - Shot by Ondrej Palat.
9:38 of 2nd period - Stopped by Kari Lehtonen with a rebound.
10:36 of 2nd period - Shot by Mats Zuccarello.
10:36 of 2nd period - Stopped by Marc-Andre Fleury without a rebound.
10:37 of 2nd period - Dainius Zubrus wins face-off versus Vladimir Sobotka in Penguins zone.
10:47 of 2nd period - Off-side.
10:48 of 2nd period - Dainius Zubrus wins face-off versus John Tavares in neutral zone.
10:55 of 2nd period - Off-side.
10:56 of 2nd period - Tyler Bozak wins face-off versus John Tavares in neutral zone.
11:25 of 2nd period - Shot by Tyler Bozak.
11:25 of 2nd period - Shot Blocked by David Perron.
11:37 of 2nd period - Shot by Tyler Bozak.
11:37 of 2nd period - Stopped by Marc-Andre Fleury without a rebound.
11:38 of 2nd period - Brad Richards wins face-off versus Ryan Getzlaf in Penguins zone.
11:41 of 2nd period - Shot by Bobby Ryan.
11:41 of 2nd period - Deflect By Brad Richards.
11:41 of 2nd period - Shot Blocked by Mark Giordano.
12:15 of 2nd period - Shot by Ryan Getzlaf.
12:15 of 2nd period - Stopped by Kari Lehtonen with a rebound.
12:17 of 2nd period - Shot by Ryan Getzlaf.
12:17 of 2nd period - Shot Misses the Net.
12:19 of 2nd period - Shot by Ondrej Palat.
12:19 of 2nd period - Stopped by Kari Lehtonen without a rebound.
12:19 of 2nd period - Minor Penalty to Kyle Quincey for Hooking.
12:20 of 2nd period - Tyler Bozak wins face-off versus John Tavares in Oilers zone.
12:39 of 2nd period - Shot by David Perron.
12:39 of 2nd period - Shot Misses the Net.
12:41 of 2nd period - Shot by David Perron.
12:41 of 2nd period - Shot Misses the Net.
12:43 of 2nd period - Shot by David Perron.
12:43 of 2nd period - Shot Blocked by Marc Methot.
12:45 of 2nd period - Shot by David Perron.
12:45 of 2nd period - Shot Misses the Net.
12:51 of 2nd period - Shot by Tomas Hertl.
12:51 of 2nd period - Stopped by Kari Lehtonen without a rebound.
12:52 of 2nd period - Mats Zuccarello wins face-off versus Ryan Getzlaf in Oilers zone.
13:26 of 2nd period - Shot by Ryan Suter.
13:26 of 2nd period - Stopped by Kari Lehtonen without a rebound.
13:27 of 2nd period - Mats Zuccarello wins face-off versus John Tavares in Oilers zone.
13:35 of 2nd period - Tomas Hertl is hit by Jake Muzzin and loses puck.
13:54 of 2nd period - Minor Penalty to Jake Muzzin for Tripping.
13:55 of 2nd period - Ryan Getzlaf wins face-off versus Aleksander Barkov in Oilers zone.
14:22 of 2nd period - Shot by Ondrej Palat.
14:22 of 2nd period - Shot Blocked by Kyle Quincey.
14:24 of 2nd period - Shot by Ryan Suter.
14:24 of 2nd period - Shot Blocked by Shane Doan.
14:26 of 2nd period - Shot by Ryan Getzlaf.
14:26 of 2nd period - Shot Misses the Net.
14:58 of 2nd period - Shot by Tomas Hertl.
14:58 of 2nd period - Stopped by Kari Lehtonen without a rebound.
14:59 of 2nd period - David Perron wins face-off versus Shane Doan in Oilers zone.
15:00 of 2nd period - Shot by Tomas Hertl.
15:00 of 2nd period - Stopped by Kari Lehtonen with a rebound.
15:02 of 2nd period - Shot by Stephane Robidas.
15:02 of 2nd period - Shot Blocked by Kyle Quincey.
15:04 of 2nd period - Shot by Stephane Robidas.
15:04 of 2nd period - Shot Misses the Net.
15:06 of 2nd period - Shot by David Perron.
15:06 of 2nd period - Shot Hit the Post.
15:18 of 2nd period - Shot by David Perron.
15:18 of 2nd period - Stopped by Kari Lehtonen without a rebound.
15:19 of 2nd period - Ryan Getzlaf wins face-off versus Mats Zuccarello in Oilers zone.
15:31 of 2nd period - Off-side.
15:32 of 2nd period - John Tavares wins face-off versus Mats Zuccarello in neutral zone.
15:34 of 2nd period - Mark Giordano is hit by Marc Methot and loses puck.
15:41 of 2nd period - Shot by Tomas Hertl.
15:41 of 2nd period - Stopped by Kari Lehtonen without a rebound.
15:42 of 2nd period - Tyler Bozak wins face-off versus John Tavares in Oilers zone.
16:23 of 2nd period - Shot by Ryan Getzlaf.
16:23 of 2nd period - Stopped by Kari Lehtonen without a rebound.
16:24 of 2nd period - John Tavares wins face-off versus Tyler Bozak in Oilers zone.
16:37 of 2nd period - Shot by David Perron.
16:37 of 2nd period - Shot Misses the Net.
17:04 of 2nd period - Icing by Jake Muzzin.
17:05 of 2nd period - Tyler Bozak wins face-off versus Jeff Carter in Oilers zone.
17:36 of 2nd period - Ryan Getzlaf is hit by Jake Muzzin and loses puck.
17:41 of 2nd period - Shot by Ondrej Palat.
17:41 of 2nd period - Stopped by Kari Lehtonen without a rebound.
17:42 of 2nd period - Brad Richards wins face-off versus Vladimir Sobotka in Oilers zone.
17:50 of 2nd period - Brad Richards is hit by Ryan Suter and loses puck.
18:24 of 2nd period - Shot by Pierre-Alexandr Parenteau.
18:24 of 2nd period - Stopped by Kari Lehtonen with a rebound.
18:41 of 2nd period - Shot by David Perron.
18:41 of 2nd period - Deflect By John Tavares.
18:41 of 2nd period - Stopped by Kari Lehtonen without a rebound.
18:42 of 2nd period - Dainius Zubrus wins face-off versus Ryan Getzlaf in Oilers zone.
19:12 of 2nd period - Off-side.
19:13 of 2nd period - Brandon Saad wins face-off versus Tyler Bozak in neutral zone.
19:37 of 2nd period - Shot by Shane Doan.
19:37 of 2nd period - Stopped by Marc-Andre Fleury without a rebound.
19:38 of 2nd period - Dainius Zubrus wins face-off versus Ryan Getzlaf in Penguins zone.
Goals for this period are 0 for Penguins vs 0 for Oilers.
Shots for this period are 17 for Penguins vs 5 for Oilers.

3rd period


0:01 of 3rd period - Tyler Bozak wins face-off versus Ryan Getzlaf in neutral zone.
0:12 of 3rd period - Shot by Shane Doan.
0:12 of 3rd period - Shot Hit the Post.
0:32 of 3rd period - Shot by Ondrej Palat.
0:32 of 3rd period - Stopped by Kari Lehtonen without a rebound.
0:33 of 3rd period - David Perron wins face-off versus Brad Richards in Oilers zone.
0:40 of 3rd period - John-Michael Liles is hit by Bobby Ryan and loses puck.
0:55 of 3rd period - Shot by Bobby Ryan.
0:55 of 3rd period - Shot Blocked by Ed Jovanovski.
0:57 of 3rd period - Shot by Kyle Quincey.
0:57 of 3rd period - Stopped by Marc-Andre Fleury without a rebound.
0:58 of 3rd period - Tyler Bozak wins face-off versus Tomas Hertl in Penguins zone.
1:19 of 3rd period - Brian Campbell is hit by Vladimir Sobotka and loses puck.
2:17 of 3rd period - Icing by Ryan Suter.
2:18 of 3rd period - Vladimir Sobotka wins face-off versus Dainius Zubrus in Penguins zone.
2:18 of 3rd period - Vladimir Sobotka is hit by Justin Williams.
2:28 of 3rd period - Shot by Drew Miller.
2:28 of 3rd period - Stopped by Marc-Andre Fleury without a rebound.
2:29 of 3rd period - Ryan Getzlaf wins face-off versus Bobby Ryan in Penguins zone.
2:29 of 3rd period - Ryan Getzlaf is hit by Bobby Ryan.
2:39 of 3rd period - Shot by Bobby Ryan.
2:39 of 3rd period - Shot Blocked by Dmitry Kulikov.
2:41 of 3rd period - Shot by Mikkel Boedker.
2:41 of 3rd period - Stopped by Marc-Andre Fleury with a rebound.
2:47 of 3rd period - Shot by Mikkel Boedker.
2:47 of 3rd period - Stopped by Marc-Andre Fleury without a rebound.
2:48 of 3rd period - John Tavares wins face-off versus Dainius Zubrus in Penguins zone.
2:48 of 3rd period - John Tavares is hit by Drew Miller.
2:51 of 3rd period - Brandon Saad is hit by Dainius Zubrus and loses puck.
2:57 of 3rd period - Drew Miller is hit by Ed Jovanovski and loses puck.
3:03 of 3rd period - Icing by Ed Jovanovski.
3:04 of 3rd period - John Tavares wins face-off versus Brad Richards in Penguins zone.
3:13 of 3rd period - Mikkel Boedker is hit by John-Michael Liles and loses puck.
3:26 of 3rd period - Shot by Brad Richards.
3:26 of 3rd period - Deflect By Mikkel Boedker.
3:26 of 3rd period - Stopped by Marc-Andre Fleury without a rebound.
3:27 of 3rd period - Shane Doan wins face-off versus Ryan Getzlaf in Penguins zone.
3:36 of 3rd period - Shot by Ondrej Palat.
3:36 of 3rd period - Stopped by Kari Lehtonen without a rebound.
3:37 of 3rd period - Ryan Getzlaf wins face-off versus Mikkel Boedker in Oilers zone.
4:20 of 3rd period - Off-side.
4:21 of 3rd period - John Tavares wins face-off versus Tyler Bozak in neutral zone.
4:53 of 3rd period - Tyler Bozak is hit by Stephane Robidas.
5:16 of 3rd period - Minor Penalty to David Perron for Roughing.
5:17 of 3rd period - Ryan Getzlaf wins face-off versus Brad Richards in Penguins zone.
5:17 of 3rd period - Ryan Getzlaf is hit by Mikkel Boedker.
5:37 of 3rd period - Shot by Mikkel Boedker.
5:37 of 3rd period - Shot Misses the Net.
5:39 of 3rd period - Shot by Brian Campbell.
5:39 of 3rd period - Stopped by Marc-Andre Fleury without a rebound.
5:40 of 3rd period - Ryan Getzlaf wins face-off versus Brad Richards in Penguins zone.
5:40 of 3rd period - Ryan Getzlaf is hit by Mikkel Boedker.
6:09 of 3rd period - Off-side.
6:10 of 3rd period - Tyler Bozak wins face-off versus Luke Glendening in neutral zone.
6:18 of 3rd period - Minor Penalty to Shane Doan for Holding.
6:19 of 3rd period - Aleksander Barkov wins face-off versus Ryan Getzlaf in Oilers zone.
6:48 of 3rd period - Shot by Drew Miller.
6:48 of 3rd period - Stopped by Marc-Andre Fleury without a rebound.
6:49 of 3rd period - Ryan Getzlaf wins face-off versus Aleksander Barkov in Penguins zone.
7:12 of 3rd period - Shot by Brian Campbell.
7:12 of 3rd period - Stopped by Marc-Andre Fleury without a rebound.
7:13 of 3rd period - John Tavares wins face-off versus Aleksander Barkov in Penguins zone.
7:24 of 3rd period - Shot by Ryan Suter.
7:24 of 3rd period - Stopped by Kari Lehtonen without a rebound.
7:25 of 3rd period - Tyler Bozak wins face-off versus David Perron in Oilers zone.
7:43 of 3rd period - Icing by John Tavares.
7:44 of 3rd period - John Tavares wins face-off versus Justin Williams in Penguins zone.
7:48 of 3rd period - Icing by Ryan Suter.
7:49 of 3rd period - Tyler Bozak wins face-off versus John Tavares in Penguins zone.
8:03 of 3rd period - Icing by David Perron.
8:04 of 3rd period - John Tavares wins face-off versus Mats Zuccarello in Penguins zone.
8:31 of 3rd period - Icing by John-Michael Liles.
8:32 of 3rd period - Ryan Getzlaf wins face-off versus Brad Richards in Penguins zone.
8:43 of 3rd period - Shot by Ryan Getzlaf.
8:43 of 3rd period - Goal by Ryan Getzlaf - Penguins : 2 - Oilers : 2.
8:44 of 3rd period - Tyler Bozak wins face-off versus John Tavares in neutral zone.
9:09 of 3rd period - Shot by Brandon Saad.
9:09 of 3rd period - Stopped by Kari Lehtonen without a rebound.
9:10 of 3rd period - Brad Richards wins face-off versus Ondrej Palat in Oilers zone.
9:37 of 3rd period - Shot by Ryan Getzlaf.
9:37 of 3rd period - Shot Misses the Net.
10:20 of 3rd period - Shot by Mats Zuccarello.
10:20 of 3rd period - Shot Blocked by Tomas Hertl.
10:28 of 3rd period - Shot by Mats Zuccarello.
10:28 of 3rd period - Stopped by Marc-Andre Fleury without a rebound.
10:29 of 3rd period - Dainius Zubrus wins face-off versus John Tavares in Penguins zone.
10:48 of 3rd period - Brandon Saad is hit by Chad Ruhwedel and loses puck.
11:23 of 3rd period - Icing by Dainius Zubrus.
11:24 of 3rd period - Vladimir Sobotka wins face-off versus Justin Williams in Oilers zone.
11:26 of 3rd period - Minor Penalty to Marco Scandella for Hooking.
11:27 of 3rd period - Tyler Bozak wins face-off versus Jeff Carter in Oilers zone.
12:36 of 3rd period - Shot by Tyler Bozak.
12:36 of 3rd period - Shot Misses the Net.
12:43 of 3rd period - Icing by Stephane Robidas.
12:44 of 3rd period - John Tavares wins face-off versus Mats Zuccarello in Penguins zone.
13:03 of 3rd period - Shot by John Tavares.
13:03 of 3rd period - Stopped by Kari Lehtonen without a rebound.
13:04 of 3rd period - Jeff Carter wins face-off versus Tyler Bozak in Oilers zone.
13:51 of 3rd period - Shot by Justin Williams.
13:51 of 3rd period - Shot Blocked by Dmitry Kulikov.
13:53 of 3rd period - Shot by Justin Williams.
13:53 of 3rd period - Goal by Justin Williams - Penguins : 2 - Oilers : 3.
13:54 of 3rd period - Vladimir Sobotka wins face-off versus Tyler Bozak in neutral zone.
13:57 of 3rd period - Brian Campbell is hit by Vladimir Sobotka and loses puck.
14:04 of 3rd period - Shot by Marc Methot.
14:04 of 3rd period - Shot Misses the Net.
14:06 of 3rd period - Shot by Brian Campbell.
14:06 of 3rd period - Shot Blocked by Mark Giordano.
14:08 of 3rd period - Shot by Mats Zuccarello.
14:08 of 3rd period - Stopped by Marc-Andre Fleury without a rebound.
14:09 of 3rd period - Ryan Getzlaf wins face-off versus Brad Richards in Penguins zone.
14:11 of 3rd period - John-Michael Liles is hit by Bobby Ryan and loses puck.
14:21 of 3rd period - Ondrej Palat is hit by Jake Muzzin and loses puck.
14:40 of 3rd period - Shot by Jeff Carter.
14:40 of 3rd period - Deflect By Ryan Getzlaf.
14:40 of 3rd period - Stopped by Kari Lehtonen without a rebound.
14:40 of 3rd period - Minor Penalty to Jake Muzzin for High sticking.
14:41 of 3rd period - John Tavares wins face-off versus Tyler Bozak in Oilers zone.
15:11 of 3rd period - Ryan Suter is hit by Brad Richards and loses puck.
15:18 of 3rd period - Minor Penalty to Mats Zuccarello for Tripping.
15:19 of 3rd period - Ondrej Palat wins face-off versus Aleksander Barkov in Oilers zone.
15:28 of 3rd period - Shot by Stephane Robidas.
15:28 of 3rd period - Stopped by Kari Lehtonen without a rebound.
15:29 of 3rd period - Ryan Getzlaf wins face-off versus Aleksander Barkov in Oilers zone.
15:30 of 3rd period - Shot by Mark Giordano.
15:30 of 3rd period - Shot Blocked by Kyle Quincey.
15:32 of 3rd period - Shot by Mark Giordano.
15:32 of 3rd period - Stopped by Kari Lehtonen without a rebound.
15:33 of 3rd period - Aleksander Barkov wins face-off versus Ryan Getzlaf in Oilers zone.
16:49 of 3rd period - Shot by Stephane Robidas.
16:49 of 3rd period - Goal by Stephane Robidas - Penguins : 3 - Oilers : 3.
16:50 of 3rd period - Mark Arcobello wins face-off versus Tyler Bozak in neutral zone.
17:22 of 3rd period - Icing by Dmitry Kulikov.
17:23 of 3rd period - Luke Glendening wins face-off versus Brad Richards in Penguins zone.
17:23 of 3rd period - Luke Glendening is hit by Bobby Ryan.
17:24 of 3rd period - Luke Glendening from Penguins is injured at 17:24 of 3rd period (Left Knee).
17:25 of 3rd period - Brad Richards wins face-off versus Vladimir Sobotka in Penguins zone.
18:08 of 3rd period - Mikkel Boedker is hit by Ed Jovanovski and loses puck.
19:00 of 3rd period - Mats Zuccarello is hit by John-Michael Liles and loses puck.
Goals for this period are 2 for Penguins vs 1 for Oilers.
Shots for this period are 10 for Penguins vs 11 for Oilers.

Overtime #1


0:01 of 1st overtime period - Ryan Getzlaf wins face-off versus Aleksander Barkov in neutral zone.
0:10 of 1st overtime period - Shot by Ondrej Palat.
0:10 of 1st overtime period - Goal by Ondrej Palat - Penguins : 4 - Oilers : 3.
Goals for this period are 1 for Penguins vs 0 for Oilers.
Shots for this period are 1 for Penguins vs 0 for Oilers.


Output by the SimonT Hockey Simulator (STHS) for Stephane Roy -- Original Page W3C XHTML 1.0 Valid
Hockey Simulator - Hockey Simulation - Hockey Manager